 Dungeon Crawl Stone Soup version 0.29-a0-749-g0912897 (webtiles) character file.

Game seed: 6001018714608890735

382 Illumine the Shooter (level 6, -4/53 HPs)
             Began as a Minotaur Hunter on June 29, 2022.
             Was an Initiate of Gozag.
             Engulfed by a steam dragon's steam (16 damage)
             ... on level 4 of the Dungeon.
             The game lasted 00:05:04 (3582 turns).

Illumine the Shooter (Minotaur Hunter)              Turns: 3582, Time: 00:05:05

Health: -4/53      AC:  5    Str: 19    XL:     6   Next: 47%
Magic:  5/5        EV: 14    Int:  6    God:    Gozag
Gold:   186        SH:  0    Dex: 19    Spells: 5/5 levels left

rFire   . . .      SeeInvis .   a - +0 shortbow
rCold   . . .      Faith    .   (shield currently unavailable)
rNeg    . . .      Spirit   .   p - +2 robe of the Lily {Str+4 Dex+3}
rPois   .          Reflect  .   (helmet restricted)
rElec   .          Harm     .   (no cloak)
rCorr   .          Rampage  .   (no gloves)
Will    .....                   f - +0 pair of boots
Stlth   ++........              (no amulet)
HPRegen 0.17/turn               (no ring)
MPRegen 0.09/turn               (no ring)

@: gold aura
A: horns 2, retaliatory headbutt
a: Renounce Religion, Potion Petition, Call Merchant, Bribe Branch


You were on level 4 of the Dungeon.
You worshipped Gozag.
Gozag was aware of your devotion.
You visited 1 branch of the dungeon, and saw 4 of its levels.

You collected 223 gold pieces.
You paid 37 gold pieces to Gozag.

Inventory:

Hand Weapons
 a - a +0 shortbow (weapon)
Missiles
 d - 5 poisoned darts
Armour
 c - a +0 leather armour
 f - a +0 pair of boots (worn)
 p - the +2 robe of the Lily (worn) {Str+4 Dex+3}
   (You found it on level 3 of the Dungeon)

   Str:       It affects your strength (+4).
   Dex:       It affects your dexterity (+3).
Scrolls
 b - 3 scrolls of immolation
 g - 2 scrolls of teleportation {unknown}
 h - a scroll of enchant armour {unknown}
 m - a scroll of torment {unknown}
 n - a scroll of blinking {unknown}
 o - 5 scrolls of poison {unknown}
Potions
 e - 5 potions of curing
 i - a potion of mutation {unknown}
 j - 2 potions of haste
 k - a potion of invisibility {unknown}
 l - a potion of might {unknown}


   Skills:
 + Level 4.5 Fighting
 * Level 6.8 Ranged Weapons
 + Level 4.2 Dodging
 - Level 1.0 Stealth


You had 5 spell levels left.
You didn't know any spells.
Your spell library contained the following spells:

 Spells                   Type           Power      Damage    Failure   Level
 Gell's Gravitas          Tloc           0%         N/A       83%         3
 Lesser Beckoning         Tloc           0%         N/A       83%         3
 Teleport Other           Tloc           0%         N/A       83%         3


Dungeon Overview and Level Annotations

Branches:
Dungeon (4/15)
 Temple: D:4-7

Altars:
Gozag
Kikubaaqudgha
Makhleb
Qazlal
The Shining One


Innate Abilities, Weirdness & Mutations

You have a pair of horns on your head.
You reflexively headbutt those who attack you in melee.


Message History

Unknown command.
Fire: a) +0 shortbow
Press: ? - help, Q - select action, (/) - cycle Shift-Dir - straight line, f/p - steam dragon
Aim: a steam dragon (heavily wounded)
You shoot an arrow. The arrow hits the steam dragon.
The steam dragon is heavily wounded.
The steam dragon breathes steam at you. The ball of steam hits you!
Fire: a) +0 shortbow
Press: ? - help, Q - select action, (/) - cycle Shift-Dir - straight line, f/p - steam dragon
Aim: a steam dragon (steam, heavily wounded, catching its breath)
You shoot an arrow.
The arrow closely misses the steam dragon.
You are engulfed in a cloud of scalding steam.
Fire: a) +0 shortbow
Press: ? - help, Q - select action, (/) - cycle Shift-Dir - straight line, f/p - steam dragon
Aim: a steam dragon (steam, heavily wounded, catching its breath)
You shoot an arrow.
The arrow hits the steam dragon but does no damage.
The steam dragon is heavily wounded.
You are engulfed in a cloud of scalding steam.
The steam dragon misses you. The steam dragon claws you.
Fire: a) +0 shortbow
Press: ? - help, Q - select action, (/) - cycle Shift-Dir - straight line, f/p - steam dragon
Aim: a steam dragon (heavily wounded)
You shoot an arrow.
The arrow hits the steam dragon but does no damage.
The steam dragon is heavily wounded.
You are engulfed in a cloud of scalding steam.
* * * LOW HITPOINT WARNING * * *
The steam dragon barely misses you. x2
Fire: a) +0 shortbow
Press: ? - help, Q - select action, (/) - cycle Shift-Dir - straight line, f/p - steam dragon
Aim: a steam dragon (steam, heavily wounded)
You shoot an arrow.
The arrow hits the steam dragon but does no damage.
The steam dragon is heavily wounded.
You are engulfed in a cloud of scalding steam.
You die...
Your body crumbles into a pile of gold.

...... ... +.........>#
###.## #.# #......#####
.....### #. #......####
###....# # #.........#
##.#.# #.....###.#
####.#.# #.....# #
.......# #+#######.....#
####..#................#
......# ......§D@§.....#
........ ....§.....#####
.....#.............#
.....#...............
.....................#
.....................#
...... ............#
..... ..........### ....


You could see a steam dragon.

Vanquished Creatures
  A bullfrog (D:4)
  2 scorpions
  A hound (D:4)
  An iguana (D:4)
  3 adders
  4 gnolls (D:3)
  An ufetubus (D:4)
  3 worms
  4 dart slugs
  10 endoplasms
  3 giant cockroaches
  5 goblins
  3 hobgoblins
  7 kobolds
  2 quokkas
  9 ball pythons
  2 bats
  3 frilled lizards
  9 rats
73 creatures vanquished.

Vanquished Creatures (others)
  A human (D:4)
  18 plants
19 creatures vanquished.

Grand Total: 92 creatures vanquished

Notes
Turn   | Place    | Note
-------+----------+-------------------------------------------
     0 | D:1      | Illumine the Minotaur Hunter began the quest for the Orb.
     0 | D:1      | Reached XP level 1. HP: 18/18 MP: 0/0
   203 | D:1      | Found a faded altar of an unknown god.
   252 | D:1      | Reached XP level 2. HP: 25/25 MP: 1/1
  1159 | D:2      | Reached skill level 1 in Stealth
  1247 | D:2      | Reached skill level 5 in Ranged Weapons
  1247 | D:2      | Reached XP level 3. HP: 31/31 MP: 2/2
  1936 | D:3      | Reached XP level 4. HP: 38/38 MP: 3/3
  2099 | D:3      | Noticed a scorpion
  2111 | D:3      | Killed a scorpion
  2263 | D:3      | Found a burning altar of Makhleb.
  2269 | D:3      | Reached XP level 5. HP: 46/46 MP: 4/4
  2539 | D:3      | Identified the +2 robe of the Lily {Str+4 Dex+3}
  2645 | D:3      | Found a glowing golden altar of the Shining One.
  2775 | D:3      | Reached skill level 6 in Ranged Weapons
  3197 | D:3      | Found an opulent altar of Gozag.
  3207 | D:3      | Became a worshipper of Gozag Ym Sagoz the Greedy
  3317 | D:4      | Noticed a steam dragon
  3356 | D:4      | Found a stormy altar of Qazlal.
  3371 | D:4      | Reached XP level 6. HP: 52/52 MP: 5/5
  3449 | D:4      | Found an ancient bone altar of Kikubaaqudgha.
  3449 | D:4      | Noticed a human
  3453 | D:4      | Killed a human
  3582 | D:4      | Engulfed by a steam dragon's steam

Illustrated notes

Levels and vault maps discovered:
D:1:      saegor_arrival_simple_c, layout_basic,
          shapermc_ecumenical_altar_pompeii
D:2:      layout_loops_ring
D:3:      layout_loops_corners, overflow_temple_1_default,
          nicolae_overflow_hidden_temple, pf_just_have_faith,
          nicolae_grassy_gnolls
D:4:      lemuel_castle_with_subvaults [lemuel_castle_interior_carwin_1],
          layout_basic, mainiacjoe_overflow_catwalk, tgw_kikubaaqudgha

Skill      XL: |  1  2  3  4  5  6 |
---------------+-------------------+-----
Stealth        | 1 |  1.0
Fighting       | 3 4 |  4.5
Ranged Weapons | 5 6 |  6.8
Dodging        | 3 4 |  4.2

Action                   |  1- 3 |  4- 6 || total
-------------------------+-------+-------++-------
Melee: Unarmed           |     7 |       ||     7
 Fire: Shortbow          |   111 |   104 ||   215
  Use: Scroll            |       |     3 ||     3
Armor: Leather armour    |     5 |     3 ||     8
       Robe              |       |     8 ||     8
Dodge: Dodged            |    33 |    28 ||    61

Table legend: (Time is in decaauts)
 A = Elapsed time spent in this place.
 B = Non-inter-level travel time spent in this place.
 C = Inter-level travel time spent in this place.
 D = Time resting spent in this place.
 E = Time spent auto-exploring this place.
 F = Levels seen in this place.
 G = Mean time per level.
                   A        B        C        D        E       F      G
               +--------+--------+--------+--------+--------+-----+--------+
         Total |   3634 |   3417 |    217 |    190 |   2707 |   4 |  908.5 |
       Dungeon |   3634 |   3417 |    217 |    190 |   2707 |   4 |  908.5 |
               +--------+--------+--------+--------+--------+-----+--------+

Top non-repeatable levels by time:
     D:3: 1239 daAuts
     D:1: 1159 daAuts
     D:2: 933 daAuts
     D:4: 302 daAuts
